 Dungeon Crawl Stone Soup version 0.27-a0-1500-g450c7e4133 (webtiles) character file.

Game seed: 9752964027518912333

14 yleandro the Cudgeller (level 2, -2/24 HPs)
             Began as a Human Berserker on July 7, 2021.
             Was a Follower of Trog.
             Frozen to death by an endoplasm (4 damage)
             ... on level 1 of the Dungeon.
             The game lasted 00:08:43 (1577 turns).

yleandro the Cudgeller (Human Berserker)            Turns: 1577, Time: 00:08:51

Health: -2/24      AC:  5    Str: 17    XL:     2   Next: 60%
Magic:  2/2        EV:  8    Int:  7    God:    Trog [*.....]
Gold:   21         SH:  0    Dex: 12    Spells: 1/1 levels left

rFire    . . .     SeeInvis .   a - +0 mace
rCold    . . .     Faith    .   (no shield)
rNeg     . . .     Spirit   .   h - +0 ring mail
rPois    .         Reflect  .   (no helmet)
rElec    .         Harm     .   (no cloak)
rCorr    .         Rampage  .   (no gloves)
Will     .....                  (no boots)
Stlth    +.........             (no amulet)
HPRegen  0.08/turn              (no ring)
MPRegen  0.08/turn              (no ring)

@: constricted
A: no striking features
a: Renounce Religion, Berserk


You were on level 1 of the Dungeon.
You worshipped Trog.
Trog was aware of your devotion.
You visited 1 branch of the dungeon, and saw 1 of its levels.

You collected 21 gold pieces.

Inventory:

Hand Weapons
 a - a +0 mace (weapon)
 i - a +0 club
Missiles
 e - 15 bolts
 f - 16 sling bullets
Armour
 b - a +0 animal skin
 h - a +0 ring mail (worn)
 k - a +0 robe
Scrolls
 j - a scroll of identify {unknown}
Potions
 c - a potion of heal wounds {unknown}
 d - a potion of mutation {unknown}
 g - a potion of haste {unknown}


   Skills:
 - Level 3.3 Fighting
 + Level 3.3 Maces & Flails
 - Level 2.0 Armour
 - Level 2.1 Dodging
 - Level 0.1 Stealth


You had one spell level left.
You didn't know any spells.
Your spell library was empty.

Dungeon Overview and Level Annotations

Branches:
Dungeon (1/15)

Altars:

Shops:
D:1 (


Message History

The kobold shouts!
Found a whip.
An endoplasm comes into view.
The endoplasm quivers.
The endoplasm barely misses you. The kobold hits you but does no damage.
A quokka comes into view.
You closely miss the kobold.
A ball python comes into view.
The endoplasm misses you. The kobold closely misses you.
The ball python hisses angrily.
You thump the kobold!
You kill the kobold!
Trog accepts your kill. The endoplasm freezes you.
You are frozen.
The endoplasm freezes you.
You are frozen.
The endoplasm closely misses you.
Things that are here:
a +0 dagger; 3 stones The endoplasm freezes you.
You are frozen.
The quokka misses you. The endoplasm barely misses you.
You closely miss the quokka. The endoplasm closely misses you.
The quokka closely misses you.
The endoplasm hits you but does no damage.
The endoplasm freezes you.
You are frozen.
The quokka barely misses you.
You hit the quokka but do no damage. The quokka closely misses you.
The ball python barely misses you. The ball python grabs you.
The ball python constricts you. The endoplasm hits you.
The endoplasm freezes you.
You are frozen.
* * * LOW HITPOINT WARNING * * *
You miss the quokka. The quokka bites you.
* * * LOW HITPOINT WARNING * * *
The ball python bites you.
* * * LOW HITPOINT WARNING * * *
The ball python constricts you. The endoplasm freezes you.
You are frozen.
You die...

..♣.♣..'........#########........
.♣...♣.########'##### #........
♣..∩..♣##...........# #########
.♣...♣.##...........#
..♣.♣..##...........#
...♣...##...........#### ..#
###########>........ ##
......J)....... ......J@.......
......Sr....### ...........##
#...)..#..## #...... ..# .......
..# ######## ....... .##
##....... ....... .# #..≈≈.≈≈.
#.≈≈...≈≈


You could see 2 endoplasms, a quokka and a ball python.

Vanquished Creatures
  2 bats (D:1)
  2 endoplasms (D:1)
  2 hobgoblins (D:1)
  A jackal (D:1)
  2 kobolds (D:1)
  A ball python (D:1)
  2 frilled lizards (D:1)
  2 rats (D:1)
14 creatures vanquished.

Notes
Turn   | Place    | Note
-------+----------+-------------------------------------------
     0 | D:1      | yleandro the Human Berserker began the quest for the Orb.
     0 | D:1      | Reached XP level 1. HP: 18/18 MP: 1/1
   701 | D:1      | Reached XP level 2. HP: 3/24 MP: 2/2
  1280 | D:1      | Found Qefe's Antique Weapon Shop.
  1577 | D:1      | Frozen to death by an endoplasm

Illustrated notes

Levels and vault maps discovered:
D:1:      dpeg_arrival_concentric_ovals, layout_basic, serial_shops,
          nicolae_diamond_shop, minmay_box_of_dots

Action                   || total
-------------------------++-------
Melee: Mace              ||    45
  Use: Scroll            ||     1
Armor: Animal skin       ||     9
       Ring mail         ||     6
Dodge: Dodged            ||    52

Table legend: (Time is in decaauts)
 A = Elapsed time spent in this place.
 B = Non-inter-level travel time spent in this place.
 C = Inter-level travel time spent in this place.
 D = Time resting spent in this place.
 E = Time spent auto-exploring this place.
 F = Levels seen in this place.
 G = Mean time per level.
                   A        B        C        D        E       F      G
               +--------+--------+--------+--------+--------+-----+--------+
         Total |   1588 |   1371 |    217 |   1225 |      0 |   1 | 1588.0 |
       Dungeon |   1588 |   1371 |    217 |   1225 |      0 |   1 | 1588.0 |
               +--------+--------+--------+--------+--------+-----+--------+

Top non-repeatable levels by time:
     D:1: 1588 daAuts
